 Dungeon Crawl Stone Soup version 0.28.0 (webtiles) character file.

Game seed: 2849890118900678545

283 themarg the Slicer (level 6, 0/47 HPs)
             Began as a Gnoll Wanderer on Feb 6, 2022.
             Slain by a black bear (3 damage)
             ... on level 4 of the Dungeon.
             The game lasted 00:16:13 (3776 turns).

themarg the Slicer (Gnoll Wanderer)                 Turns: 3776, Time: 00:16:14

Health: 0/47       AC:  9    Str: 13    XL:     6   Next: 28%
Magic:  0/11       EV: 11    Int:  8    God:
Gold:   112        SH:  0    Dex: 15    Spells: 11/11 levels left

rFire   . . .      SeeInvis .   a - +0 rapier
rCold   . . .      Faith    .   (no shield)
rNeg    . . .      Spirit   +   j - +1 ring mail
rPois   .          Reflect  .   k - +0 helmet
rElec   .          Harm     .   (no cloak)
rCorr   .          Rampage  .   c - +0 pair of gloves
Will    .....                   (no boots)
Stlth   +.........              l - amulet of guardian spirit
HPRegen 0.15/turn               (no ring)
MPRegen 0.12/turn               (no ring)

@: no status effects
A: fangs 1, strong nose, distributed training
a: no special abilities


You were on level 4 of the Dungeon.
You visited 1 branch of the dungeon, and saw 4 of its levels.

You collected 112 gold pieces.

Inventory:

Hand Weapons
 a - a +0 rapier (weapon)
 b - a +0 mace
Armour
 c - a +0 pair of gloves (worn)
 d - a +0 leather armour
 j - a +1 ring mail (worn)
 k - a +0 helmet (worn)
Jewellery
 l - an amulet of guardian spirit (around neck)
Scrolls
 e - 2 scrolls of teleportation {unknown}
 h - 2 scrolls of identify {unknown}
 n - a scroll of brand weapon {unknown}
 o - a scroll of enchant armour
 r - a scroll of blinking {unknown}
 s - a scroll of enchant weapon {unknown}
Potions
 f - a potion of haste {unknown}
 g - 3 potions of lignification {unknown}
 m - a potion of flight {unknown}
 p - a potion of might {unknown}
 q - a potion of curing


   Skills:
 + Level 3.2 Fighting
 + Level 8.7 Short Blades
 + Level 1.9 Long Blades
 + Level 1.9 Axes
 + Level 4.9 Maces & Flails
 + Level 1.9 Polearms
 + Level 1.9 Staves
 + Level 1.9 Slings
 + Level 1.9 Bows
 + Level 1.9 Crossbows
 + Level 1.9 Throwing
 + Level 3.2 Armour
 + Level 3.2 Dodging
 + Level 1.9 Stealth
 + Level 1.9 Shields
 + Level 1.9 Unarmed Combat
 + Level 3.4 Spellcasting
 + Level 1.5 Conjurations
 + Level 1.5 Hexes
 + Level 1.5 Summonings
 + Level 1.5 Necromancy
 + Level 1.5 Translocations
 + Level 1.5 Transmutations
 + Level 1.5 Fire Magic
 + Level 1.5 Ice Magic
 + Level 1.5 Air Magic
 + Level 1.5 Earth Magic
 + Level 1.5 Poison Magic
 + Level 2.1 Invocations
 + Level 1.9 Evocations


You had 11 spell levels left.
You didn't know any spells.
Your spell library contained the following spells:

 Spells                   Type           Power      Damage    Failure   Level
 Fulminant Prism          Conj/Hex       1%         3d6       98%         4
 Iskenderun's Mystic Bla  Conj/Tloc      3%         2d3       98%         4
 Lee's Rapid Deconstruct  Erth           1%         3d5*      100%        5


Dungeon Overview and Level Annotations

Branches:
Dungeon (4/15)
 Temple: D:4-7

Altars:

Shops:
D:2 =

Annotations:
D:3 1 exclusion, Sigmund


Innate Abilities, Weirdness & Mutations

You have very sharp teeth.
Your uncanny sense of smell can sniff out nearby items.
Your experience applies equally to all skills.


Message History

The black bear claws you.
You hit the black bear but do no damage.
You punch the black bear.
The black bear is almost dead.
The black bear closely misses you. x2
The black bear claws you but does no damage.
You hit the black bear but do no damage.
The black bear is almost dead.
The black bear bites you. The black bear claws you.
* * * LOW HITPOINT WARNING * * *
The black bear claws you but does no damage.
You closely miss the black bear.
The black bear is almost dead.
The black bear closely misses you. The black bear misses you.
The black bear claws you.
* * * LOW HITPOINT WARNING * * *
The black bear closely misses you. The black bear barely misses you. x2
The black bear bites you.
* * * LOW HITPOINT WARNING * * *
The black bear barely misses you. The black bear closely misses you.
As you read the scroll labelled GUOVULOXTI, it crumbles to dust.
You speak a Word of immense power!
It was a scroll of holy word.
The black bear bites you.
* * * LOW HITPOINT WARNING * * *
The black bear claws you but does no damage.
The black bear claws you.
* * * LOW HITPOINT WARNING * * *
As you read the scroll labelled VAUG LICUA, it crumbles to dust.
It is a scroll of enchant armour.
Your +0 ring mail glows green for a moment.
The black bear bites you.
* * * LOW HITPOINT WARNING * * *
The black bear barely misses you. The black bear closely misses you.
The black bear barely misses you.
The black bear claws you but does no damage. x2
You hit the black bear but do no damage.
Your bite misses the black bear.
The black bear is almost dead.
The black bear bites you.
You die...

### ####.#
######....#
#......####
#.>.#### #...# ∆
#...# #..@# ##.h#
.o ##.# h.. #.#
###....
#########)####..o.#
#..........##..#∆
#..........#..##
#............##
#..........###


You could see a black bear (berserk).

Vanquished Creatures
  A necrophage (D:4)
  Terence (D:3)
  Natasha (twice) (D:4)
  5 adders
  An adder skeleton (D:2)
  2 worms (D:2)
  A dart slug (D:2)
  3 orcs
  8 endoplasms
  A giant cockroach (D:2)
  3 goblins
  6 hobgoblins
  4 jackals (D:2)
  4 quokkas (D:2)
  3 ball pythons
  6 bats
  7 frilled lizards
  3 kobolds
  6 rats
67 creatures vanquished.

Notes
Turn   | Place    | Note
-------+----------+-------------------------------------------
     0 | D:1      | themarg the Gnoll Wanderer began the quest for the Orb.
     0 | D:1      | themarg set off with the following items: a +0 rapier, a +0
                  | mace, a +0 pair of gloves, a +0 leather armour
     0 | D:1      | Reached XP level 1. HP: 17/17 MP: 4/4
    79 | D:1      | Found a faded altar of an unknown god.
    98 | D:1      | You fall into a shaft and drop 1 floor!
   190 | D:2      | Reached XP level 2. HP: 23/23 MP: 5/5
   741 | D:1      | Reached XP level 3. HP: 22/28 MP: 7/7
  1453 | D:2      | Reached skill level 1 in Invocations
  1767 | D:2      | Found Eprux's Jewellery Shop.
  1775 | D:2      | Reached skill level 1 in Long Blades
  1775 | D:2      | Reached skill level 1 in Axes
  1775 | D:2      | Reached skill level 1 in Polearms
  1775 | D:2      | Reached skill level 1 in Staves
  1775 | D:2      | Reached skill level 1 in Slings
  1775 | D:2      | Reached skill level 1 in Bows
  1775 | D:2      | Reached skill level 1 in Crossbows
  1775 | D:2      | Reached skill level 1 in Throwing
  1775 | D:2      | Reached skill level 1 in Stealth
  1775 | D:2      | Reached skill level 1 in Shields
  1775 | D:2      | Reached skill level 1 in Unarmed Combat
  1775 | D:2      | Reached skill level 1 in Evocations
  2068 | D:2      | Reached XP level 4. HP: 34/34 MP: 8/8
  2446 | D:2      | Reached skill level 1 in Conjurations
  2446 | D:2      | Reached skill level 1 in Hexes
  2446 | D:2      | Reached skill level 1 in Summonings
  2446 | D:2      | Reached skill level 1 in Necromancy
  2446 | D:2      | Reached skill level 1 in Translocations
  2446 | D:2      | Reached skill level 1 in Transmutations
  2446 | D:2      | Reached skill level 1 in Fire Magic
  2446 | D:2      | Reached skill level 1 in Ice Magic
  2446 | D:2      | Reached skill level 1 in Air Magic
  2446 | D:2      | Reached skill level 1 in Earth Magic
  2446 | D:2      | Reached skill level 1 in Poison Magic
  2999 | D:3      | Noticed Terence
  3013 | D:3      | Killed Terence
  3014 | D:3      | Reached XP level 5. HP: 19/40 MP: 3/9
  3125 | D:3      | Noticed Sigmund
  3476 | D:4      | Noticed Natasha
  3480 | D:4      | Killed Natasha
  3493 | D:4      | Noticed an orc warrior
  3588 | D:4      | Noticed Natasha
  3598 | D:4      | Killed Natasha
  3662 | D:4      | Noticed a necrophage
  3670 | D:4      | Killed a necrophage
  3671 | D:4      | Reached XP level 6. HP: 47/47 MP: 9/11
  3735 | D:4      | Noticed a black bear
  3776 | D:4      | Slain by a black bear

Illustrated notes

Levels and vault maps discovered:
D:1:      dpeg_arrival_leaves_temple_mockup, layout_basic,
          basic_ecumenical_altar, nrook_loot_triangle
D:2:      minmay_spotlight, layout_loops_ring, serial_shops, shop,
          kennysheep_minor_cross
D:3:      layout_loops_cross, uniq_terence, uniq_sigmund
D:4:      layout_rooms, temple_hall, uniq_grinder, uniq_natasha, uniq_menkaure

Skill      XL: |  1  2  3  4  5 |
---------------+----------------+-----
Invocations    | 1 2 |  2.1
Long Blades    | 1 |  1.9
Axes           | 1 |  1.9
Polearms       | 1 |  1.9
Staves         | 1 |  1.9
Slings         | 1 |  1.9
Bows           | 1 |  1.9
Crossbows      | 1 |  1.9
Throwing       | 1 |  1.9
Stealth        | 1 |  1.9
Shields        | 1 |  1.9
Unarmed Combat | 1 |  1.9
Evocations     | 1 |  1.9
Spellcasting   | 3 |  3.4
Conjurations   | 1 |  1.5
Hexes          | 1 |  1.5
Summonings     | 1 |  1.5
Necromancy     | 1 |  1.5
Translocations | 1 |  1.5
Transmutations | 1 |  1.5
Fire Magic     | 1 |  1.5
Ice Magic      | 1 |  1.5
Air Magic      | 1 |  1.5
Earth Magic    | 1 |  1.5
Poison Magic   | 1 |  1.5
Fighting       | 3 |  3.2
Armour         | 3 |  3.2
Dodging        | 3 |  3.2
Short Blades   | |  8.7
Maces & Flails | |  4.9

Action                   |  1- 3 |  4- 6 || total
-------------------------+-------+-------++-------
Melee: Rapier            |   133 |   174 ||   307
       Bite              |    14 |    14 ||    28
       Punch             |       |     4 ||     4
  Use: Scroll            |       |     2 ||     2
 Stab: Distracted        |       |     1 ||     1
Armor: Leather armour    |    17 |       ||    17
       Ring mail         |    21 |    95 ||   116
Dodge: Dodged            |    74 |   114 ||   188
